Map: Bel'Shir Vestige LE (Void)

Players

Fropez - Winner!

  • Race: Protoss Protoss
  • League: Gold
  • Spawn Location: 5:00

VegeTa

  • Race: Protoss Protoss
  • League: Gold
  • Spawn Location: 11:00

VOD

Have the link to the VOD?

Description

Time

  • Played on: Jan. 25, 2017, 12:12 p.m.
  • Length: 7:53
Show
View Real Time Build Order
Export as new Build Order

Fropez Protoss - Winner!

Build Orders:  

Get SALT Encoding   

  12  0:01  Probe (Chrono Boost)  
  13  0:11  Probe (Chrono Boost)  
  14  0:21  Pylon  
  14  0:25  Probe (Chrono Boost)  
  15  0:32  Assimilator  
  15  0:39  Probe (Chrono Boost)  
  16  0:50  Probe (Chrono Boost)  
  17  1:00  Probe (Chrono Boost)  
  18  1:09  Nexus  
  18  1:12  Probe (Chrono Boost)  
  19  1:34  Gateway  
  19  1:42  Gateway  
  19  1:43  Probe (Chrono Boost)  
  20  1:47  Assimilator  
  20  1:54  Probe (Chrono Boost)  
  20  2:13  Probe (Chrono Boost)  
  22  2:30  Probe (Chrono Boost)  
  22  2:31  Probe (Chrono Boost)  
  22  2:34  Cybernetics Core  
  23  2:38  Pylon  
  23  2:44  Probe (Chrono Boost)  
  24  2:51  Probe (Chrono Boost)  
  25  2:53  Pylon  
  25  2:58  Probe (Chrono Boost), Warp Gate  
  27  3:06  Pylon  
  27  3:10  Stalker x2  
  32  3:15  Probe (Chrono Boost), Mothership Core (Chrono Boost)  
  33  3:22  Pylon  
  33  3:26  Probe (Chrono Boost)  
  34  3:29  Gateway  
  35  3:35  Probe (Chrono Boost), Assimilator  
  35  3:36  Probe (Chrono Boost)  
  36  3:42  Pylon  
  36  3:47  Probe (Chrono Boost)  
  37  3:51  Probe (Chrono Boost)  
  38  3:55  Pylon  
  38  3:56  Pylon  
  39  4:04  Adept x2  
  42  4:13  Pylon  
  42  4:18  Adept  
  44  4:26  Probe (Chrono Boost)  
  44  4:29  Probe (Chrono Boost)  
  46  4:31  Sentry  
  37  5:01  Probe (Chrono Boost)  
  37  5:03  Probe (Chrono Boost)  
  39  5:09  Twilight Council  
  39  5:12  Probe (Chrono Boost)  
  40  5:15  Adept  
  40  5:16  Adept x2  
  46  5:30  Probe (Chrono Boost)  
  46  5:32  Resonating Glaives, Probe (Chrono Boost), Gateway  
  48  5:41  Probe (Chrono Boost)  
  49  5:44  Probe (Chrono Boost)  
  49  5:47  Adept x3  
  55  5:51  Assimilator  
  55  5:53  Probe (Chrono Boost)  
  52  6:20  Adept x3  
  52  6:22  Probe x2 (Chrono Boost)  
  60  6:29  Gateway  
  60  6:32  Pylon  
  60  6:34  Probe (Chrono Boost)  
  59  6:52  Adept  
  59  6:53  Adept x3  
  67  7:01  Robotics Facility  
  54  7:14  Stalker x4  
  56  7:31  Stalker  
  58  7:43  Stalker x2  
  58  7:44  Stalker x2  
Show
View Real Time Build Order
Export as new Build Order

VegeTa Protoss 

Build Orders:  

Get SALT Encoding   

  12  0:02  Probe (Chrono Boost)  
  13  0:12  Probe (Chrono Boost)  
  14  0:19  Pylon  
  14  0:23  Probe (Chrono Boost)  
  15  0:37  Probe (Chrono Boost), Assimilator  
  16  0:47  Probe (Chrono Boost)  
  17  0:50  Gateway  
  17  0:58  Probe (Chrono Boost)  
  18  1:08  Probe (Chrono Boost), Gateway  
  19  1:19  Probe (Chrono Boost)  
  19  1:21  Assimilator  
  20  1:26  Pylon  
  20  1:30  Probe (Chrono Boost)  
  21  1:39  Cybernetics Core  
  21  1:58  Probe (Chrono Boost)  
  23  2:08  Probe (Chrono Boost), Warp Gate  
  23  2:19  Pylon, Mothership Core (Chrono Boost)  
  23  2:20  Adept x2  
  29  2:37  Robotics Facility  
  29  2:57  Adept x2  
  33  3:05  Probe (Chrono Boost)  
  34  3:18  Nexus  
  34  3:23  Probe (Chrono Boost)  
  35  3:31  Immortal  
  39  3:47  Pylon  
  39  4:07  Probe (Chrono Boost)  
  40  4:11  Stalker  
  40  4:12  Stalker  
  44  4:18  Pylon  
  39  4:51  Immortal  
  33  4:55  Adept x2  
  37  5:06  Forge  
  35  5:08  Probe (Chrono Boost)  
  35  5:09  Probe (Chrono Boost)  
  37  5:25  Probe (Chrono Boost)  
  37  5:27  Probe (Chrono Boost)  
  39  5:30  Immortal  
  39  5:34  Assimilator  
  41  5:36  Probe (Chrono Boost), Assimilator  
  41  5:39  Probe (Chrono Boost)  
  43  5:44  Protoss Ground Armor Level 1  
  43  5:46  Probe (Chrono Boost)  
  43  5:51  Probe (Chrono Boost)  
  44  5:57  Probe (Chrono Boost)  
  44  6:04  Warp Prism  
  44  6:11  Stalker x2  
  47  6:23  Gateway  
  47  6:25  Probe x2 (Chrono Boost), Gateway  
  49  6:27  Gateway  
  49  6:38  Zealot  
  49  6:39  Zealot  
  35  7:05  Zealot x2  
  26  7:44  Zealot x3  
Tags
 
League
GoldGold
Matchup
PvP
Replay Pack
All Mines
Spawn Locations
Cross Positions
Add a new tag
Caveats
  • Supply blocks, unpowered buildings, or Contaminate may cause inaccurate times.
  • Supply counts are checked every 10 seconds.